 Dungeon Crawl Stone Soup version 0.23-a0-208-gb6b040f (webtiles) character file.

8418 Felrender the Cleaver (level 11, -1/94 HPs)
             Began as a Hill Orc Fighter on Sept 24, 2018.
             Was an Elder of Okawaru.
             Slain by a hornet (11 damage)
             ... while paralysed by a hornet
             ... on level 11 of the Dungeon.
             The game lasted 00:25:14 (8650 turns).

Felrender the Cleaver (Hill Orc Fighter)            Turns: 8650, Time: 00:25:15

Health: -1/94      AC: 23    Str: 23    XL:     11   Next: 30%
Magic:  11/11      EV:  2    Int:  8    God:    Okawaru [****..]
Gold:   285        SH:  0    Dex: 10    Spells: 10/10 levels left

rFire    . . .     SeeInvis .   A - +3 broad axe (venom)
rCold    + . .     Gourm    .   c - +0 shield
rNeg     . . .     Faith    .   o - +5 chain mail
rPois    .         Spirit   .   r - +1 helmet
rElec    .         Reflect  .   d - +2 cloak
rCorr    .         Harm     .   y - +0 pair of gloves {archery}
MR       .....                  (no boots)
Stlth    ..........             h - amulet of magic regeneration
HPRegen  0.25/turn              m - ring of protection from cold
MPRegen  0.37/turn              (no ring)

@: paralysed, slowed
A: no striking features
a: Heroism, Renounce Religion


You were on level 11 of the Dungeon.
You worshipped Okawaru.
Okawaru was greatly pleased with you.
You were not hungry.

You visited 2 branches of the dungeon, and saw 12 of its levels.

You collected 595 gold pieces.
You spent 310 gold pieces at shops.

Inventory:

Hand Weapons
 a - a +4 war axe
 x - a +3 mace
 A - a +3 broad axe of venom (weapon)
 I - a +4 long sword
 K - a +4 halberd
Armour
 c - a +0 shield (worn)
 d - a +2 cloak (worn)
 o - a +5 chain mail (worn)
 r - a +1 helmet (worn)
 s - the +0 robe "Eras" {Str+4}
   (You found it on level 8 of the Dungeon)

   It affects your strength (+4).
 y - a +0 pair of gloves of archery (worn)
 C - a scarf of spirit shield
Jewellery
 e - an uncursed ring of protection from fire {unknown}
 h - an amulet of magic regeneration (around neck)
 m - a ring of protection from cold (left hand)
 p - an uncursed ring of fire
 q - an uncursed ring of flight {unknown}
 F - an uncursed ring of see invisible {unknown}
Wands
 v - a wand of iceblast (19)
 H - a wand of polymorph (3)
Scrolls
 b - a scroll of remove curse
 i - 6 scrolls of teleportation
 l - 2 scrolls of fear
 z - a scroll of blinking
 D - a scroll of holy word
 E - a scroll of magic mapping
 G - a scroll of amnesia
Potions
 g - a potion of degeneration
 j - 5 potions of curing
 k - 2 potions of flight
 n - 3 potions of lignification
 t - a potion of ambrosia
 u - a potion of agility {unknown}
 w - 3 potions of resistance {unknown}
 B - a potion of berserk rage {unknown}
Miscellaneous
 J - a sack of spiders
Comestibles
 f - 13 rations
 L - 5 chunks of flesh


   Skills:
 + Level 8.0 Fighting
 + Level 13.1 Axes
 * Level 9.5 Armour
 + Level 1.9 Dodging
 + Level 1.1 Stealth
 * Level 10.5 Shields


You had 10 spell levels left.
You didn't know any spells.
Your spell library contained the following spells:

 Spells                   Type           Power        Failure   Level  Hunger
 Beastly Appendage        Tmut           #.....       99%         1    ##.....
 Sticks to Snakes         Tmut           #.......     100%        2    ###....
 Spider Form              Tmut/Pois      #.........   100%        3    ####...
 Ice Form                 Ice/Tmut       #.......     100%        4    #####..
 Blade Hands              Tmut           #.........   100%        5    ######.


Dungeon Overview and Level Annotations

Branches:
Dungeon (11/15)            Temple (1/1) D:7
   Lair: D:8-11         Orc: D:9-12

Altars:
Ashenzari
Cheibriados
Dithmenos
Elyvilon
Fedhas
Gozag
Hepliaklqana
Kikubaaqudgha
Makhleb
Nemelex Xobeh
Okawaru
Qazlal
Ru
Sif Muna
Trog
Uskayaw
Vehumet
Wu Jian
Xom
Yredelemnul
Zin
The Shining One

Shops:
D:4 !   D:8 ?


Message History

You feel sick. You block the hornet's attack. x2
The iguana closely misses you.
You feel better.
The hornet stings you but does no damage.
The hornet stings you!
You feel as though you will be slow longer.
The iguana bites you but does no damage.
You closely miss the hornet.
The hornet is heavily wounded.
You closely miss the iguana. The hornet stings you!
* * * LOW HITPOINT WARNING * * *
You suddenly lose the ability to move!
The iguana bites you but does no damage.
The hornet stings you!
* * * LOW HITPOINT WARNING * * *
You feel as though you will be slow longer.
The hornet stings you but does no damage.
The iguana bites you but does no damage.
The hornet stings you!
You die...

... ### #.........
#.####.. #........
.....#.###
#.......####.##......
#............. ......
#.>..........###.....
###.........##..##.....
##.....yl..# #....†<...
.......@...####.#.....##
##.........(.).....##.o.
#.........†##..........
#....)...#.##..........
#.#..†.....##......###.
#...........##...### .
#...##.##.......... .
#... ≈%≈#........#.#
#...#≈(%#..##.####.#


You could see a hornet and an iguana.

Vanquished Creatures
  Harold (D:7)
  2 two-headed ogres
  A manticore (D:11)
  A troll (D:8)
  A wyvern (D:8)
  Grum (D:10)
  Edmund (D:4)
  A soldier ant (D:8)
  A black bear (D:9)
  Duvessa (D:7)
  5 orc warriors
  2 ice beasts
  A phantom (D:5)
  4 wolves (D:10)
  2 necrophages
  5 ogres
  4 centaurs
  2 crocodiles (D:11)
  7 bullfrogs
  A wyvern zombie (D:10)
  Dowan (D:7)
  2 scorpions
  10 killer bees
  5 wights (D:10)
  A howler monkey (D:6)
  6 crimson imps
  2 quasits
  5 hounds
  A centaur skeleton (D:8)
  2 jellies
  3 orc priests
  Crazy Yiuf (D:3)
  3 bullfrog skeletons
  3 iguanas
  Terence (D:3)
  11 orc wizards
  11 worker ants
  A killer bee zombie (D:6)
  A hound zombie (D:8)
  2 hound skeletons
  A howler monkey zombie (D:9)
  Robin (D:4)
  3 gnolls (D:3)
  10 adders
  3 shadow imps
  2 oozes
  An adder zombie (D:10)
  3 adder skeletons
  2 worms (D:4)
  3 dart slugs (D:1)
  6 leopard geckos
  39 orcs
  9 giant cockroaches
  16 goblins
  4 hobgoblins
  14 jackals
  7 quokkas
  A ball python (D:1)
  4 bats
  3 frilled lizards
  5 kobolds
  6 rats
259 creatures vanquished.

Notes
Turn   | Place    | Note
-------+----------+-------------------------------------------
     0 | D:1      | Felrender the Hill Orc Fighter began the quest for the Orb.
     0 | D:1      | Reached XP level 1. HP: 19/19 MP: 1/1
   128 | D:1      | Reached XP level 2. HP: 27/27 MP: 2/2
   242 | D:1      | Reached skill level 3 in Axes
   267 | D:1      | Reached XP level 3. HP: 29/33 MP: 3/3
   835 | D:2      | Found a sacrificial altar of Ru.
   867 | D:2      | Found a hazy altar of Hepliaklqana.
   867 | D:2      | Found a sparkling altar of Nemelex Xobeh.
   892 | D:2      | Reached XP level 4. HP: 24/40 MP: 4/4
  1718 | D:3      | Noticed Terence
  1748 | D:3      | Reached skill level 4 in Axes
  1763 | D:3      | Killed Terence
  1763 | D:3      | Reached XP level 5. HP: 34/46 MP: 5/5
  2229 | D:3      | Reached skill level 5 in Axes
  2319 | D:3      | Found a runed door.
  2440 | D:3      | Noticed Crazy Yiuf
  2443 | D:3      | Killed Crazy Yiuf
  2443 | D:3      | Reached XP level 6. HP: 52/53 MP: 6/6
  2605 | D:4      | Got a steaming robe
  2659 | D:4      | Noticed Edmund
  2669 | D:4      | Reached skill level 6 in Axes
  2689 | D:4      | Killed Edmund
  2689 | D:4      | Reached skill level 5 in Armour
  2689 | D:4      | Reached skill level 5 in Shields
  2689 | D:4      | Reached XP level 7. HP: 49/60 MP: 7/7
  3007 | D:4      | Reached skill level 7 in Axes
  3042 | D:4      | Noticed Robin
  3054 | D:4      | Killed Robin
  3087 | D:4      | Found Voffi's Distillery.
  3104 | D:4      | Bought a potion of curing for 36 gold pieces
  3104 | D:4      | Bought a potion of curing for 36 gold pieces
  3104 | D:4      | Bought a potion of heal wounds for 60 gold pieces
  3104 | D:4      | Bought a potion of lignification for 36 gold pieces
  3104 | D:4      | Identified the +2 robe "Byor" {rCorr Int-4 Dex+5 SInv} (You
                  | found it on level 4 of the Dungeon)
  3266 | D:5      | Entered Level 5 of the Dungeon
  3335 | D:5      | Reached skill level 5 in Fighting
  3359 | D:5      | Reached skill level 8 in Axes
  3359 | D:5      | Reached XP level 8. HP: 61/68 MP: 8/8
  3979 | D:6      | Found a blossoming altar of Fedhas.
  3997 | D:6      | Reached skill level 9 in Axes
  4533 | D:6      | Reached XP level 9. HP: 70/75 MP: 9/9
  4890 | D:7      | Reached skill level 1 in Dodging
  5012 | D:7      | Found a staircase to the Ecumenical Temple.
  5040 | Temple   | Entered the Ecumenical Temple
  5193 | Temple   | Became a worshipper of Warmaster Okawaru
  5250 | D:7      | Reached skill level 10 in Axes
  5484 | D:7      | Noticed Harold
  5503 | D:7      | Killed Harold
  5559 | D:7      | Noticed Dowan
  5562 | D:7      | Noticed Duvessa
  5581 | D:7      | Killed Duvessa
  5581 | D:7      | Reached skill level 11 in Axes
  5601 | D:7      | Killed Dowan
  5601 | D:7      | Reached * piety under Okawaru
  6063 | D:8      | Found Ischanon's Magic Scroll Shoppe.
  6074 | D:8      | Reached XP level 10. HP: 84/84 MP: 10/10
  6115 | D:8      | Bought a scroll of identify for 30 gold pieces
  6115 | D:8      | Bought a scroll of holy word for 112 gold pieces
  6275 | D:8      | Found an opulent altar of Gozag.
  6382 | D:8      | Reached ** piety under Okawaru
  6506 | D:8      | Got a thick robe
  6547 | D:8      | Identified a scroll of acquirement
  6760 | D:8      | Reached skill level 1 in Stealth
  6851 | D:9      | Found a basalt altar of Yredelemnul.
  6858 | D:9      | Found a shadowy altar of Dithmenos.
  6875 | D:9      | Noticed a two-headed ogre
  6880 | D:9      | Killed a two-headed ogre
  6880 | D:9      | Reached skill level 12 in Axes
  7058 | D:9      | Reached *** piety under Okawaru
  7465 | D:10     | Entered Level 10 of the Dungeon
  7663 | D:10     | Reached skill level 10 in Shields
  7865 | D:10     | Reached XP level 11. HP: 86/93 MP: 11/11
  7869 | D:10     | Noticed Grum
  7879 | D:10     | Killed Grum
  7914 | D:10     | Reached **** piety under Okawaru
  8348 | D:10     | Identified the cursed +0 robe "Eras" {Str+4} (You found it
                  | on level 8 of the Dungeon)
  8465 | D:11     | Noticed a manticore
  8498 | D:11     | Killed a manticore
  8510 | D:11     | Noticed a two-headed ogre
  8521 | D:11     | Killed a two-headed ogre
  8521 | D:11     | Reached skill level 13 in Axes
  8649 | D:11     | Paralysed by a hornet for 2 turns
  8650 | D:11     | Slain by a hornet

Vault maps used:
D:1:      onia_arrival_pentagram
D:2:      grunt_temple_overflow_open
D:3:      first_ration, uniq_crazy_yiuf_cottage, uniq_terence
D:4:      serial_shops, shop, uniq_robin, uniq_edmund
D:6:      basic_altar
D:7:      minmay_temple_entry_glass, uniq_duvessa, uniq_harold
D:8:      lemuel_crystal_altar, serial_shops, shop
D:9:      minitemple
D:10:     uniq_grum
D:11:     david_lair_shrubbed, orc_0_dummy, serial_co_window_serial,
          co_window_paths_a, co_window_of_opportunity_a, co_window_paths_b,
          co_window_of_opportunity_a, co_window_of_opportunity_a,
          co_window_paths_b, co_window_paths_a, co_window_paths_b,
          co_window_corner_a, co_window_unsneaky_path_a, co_window_paths_c,
          co_window_broadway_a, co_window_corner_cb, co_window_broadway_b,
          co_window_2corner, glass_columns_a, glass_columns_c,
          hangedman_stone_soup, uniq_maurice, uniq_gastronok, uniq_erica
Temple:   regret_index_temple_sphere_string

Skill      XL: |  1  2  3  4  5  6  7  8  9 10 11 |
---------------+----------------------------------+-----
Fighting       | 4 5 6 7 8 |  8.0
Axes           | 3 4 5 6 8 9 11 12 13 | 13.1
Shields        | 4 5 6 8 10 | 10.5
Armour         | 4 5 6 8 9 |  9.5
Dodging        | 1 |  1.9
Stealth        | 1 |  1.1

Action                   |  1- 3 |  4- 6 |  7- 9 | 10-12 || total
-------------------------+-------+-------+-------+-------++-------
Melee: War axe           |   120 |   167 |   300 |   119 ||   706
       Broad axe         |       |       |       |   170 ||   170
Invok: Heroism           |       |       |       |     2 ||     2
Evoke: Wand              |       |       |       |     1 ||     1
  Use: Scroll            |     3 |    10 |     8 |     8 ||    29
       Potion            |       |     2 |     2 |     2 ||     6
  Eat: Chunk             |       |     3 |     8 |     3 ||    14
       Ration            |       |     1 |     1 |     2 ||     4
Armor: Scale mail        |    54 |       |       |       ||    54
       Plate armour      |    13 |    42 |       |       ||    55
       Chain mail        |       |    35 |   158 |   130 ||   323
       Skin              |       |       |    12 |     4 ||    16
Dodge: Dodged            |    34 |    38 |    64 |    77 ||   213
Block: Shield            |    65 |    78 |   151 |   179 ||   473

Table legend:
 A = Non-vault XP
 B = Vault XP
 C = Vault XP percentage of total XP
 D = Non-vault monster count
 E = Vault monster count
 F = Vault count percentage of total count
                 A         B        C        D         E       F
            +---------+---------+-------+---------+---------+-------
      Total |    9720 |    2306 |  19.2 |     238 |      21 |   8.1
            +---------+---------+-------+---------+---------+-------
        D:1 |      52 |       0 |   0.0 |      28 |       0 |   0.0
        D:2 |      75 |       0 |   0.0 |      18 |       0 |   0.0
        D:3 |     135 |      75 |  35.7 |      20 |       2 |   9.1
        D:4 |     454 |     194 |  29.9 |      21 |       8 |  27.6
        D:5 |     641 |       0 |   0.0 |      14 |       0 |   0.0
        D:6 |     881 |       0 |   0.0 |      23 |       0 |   0.0
        D:7 |     886 |    1203 |  57.6 |      22 |       3 |  12.0
        D:8 |    1983 |       0 |   0.0 |      40 |       0 |   0.0
        D:9 |    1979 |       0 |   0.0 |      24 |       0 |   0.0
       D:10 |     877 |     659 |  42.9 |      20 |       5 |  20.0
       D:11 |    1757 |     175 |   9.1 |       8 |       3 |  27.3
            +---------+---------+-------+---------+---------+-------
